 Dungeon Crawl Stone Soup version 0.29.1-15-g9cfb28693d (webtiles) character file.

Game seed: 2000310520346727757

188 Bordeaux the Covered (level 5, -9/47 HPs)
             Began as a Minotaur Fighter on Mar 21, 2023.
             Killed by divine providence
             ... invoked by an orc priest
              (10 damage)
             ... on level 3 of the Dungeon on Mar 23, 2023.
             The game lasted 00:41:18 (5359 turns).

Bordeaux the Covered (Minotaur Fighter)             Turns: 5359, Time: 00:41:18

Health: -9/47      AC:  8    Str: 21    XL:     5   Next: 39%
Magic:  4/4        EV: 11    Int: 12    God:
Gold:   149        SH:  4    Dex:  9    Spells: 4/4 levels left

rFire   . . .      SeeInvis .   f - +0 falchion
rCold   . . .      Faith    .   c - +0 buckler
rNeg    . . .      Spirit   .   u - +4 leather armour of the Big Bang {Int+5 Stlth-}
rPois   .          Reflect  .   (helmet restricted)
rElec   .          Harm     .   s - +0 cloak
rCorr   .          Rampage  .   (no gloves)
Will    .....                   (no boots)
Stlth   ..........              (no amulet)
HPRegen 0.15/turn               (no ring)
MPRegen 0.09/turn               (no ring)

@: mighty
A: horns 2, retaliatory headbutt
a: no special abilities


You were on level 3 of the Dungeon.
You visited 1 branch of the dungeon, and saw 4 of its levels.

You collected 149 gold pieces.

Inventory:

Hand Weapons
 a - a +0 war axe
 e - a +0 club
 f - a +0 falchion (weapon)
 i - a +0 hand axe
 l - a +0 great sword
 n - a +0 dagger
 p - a +0 dagger
 q - a +0 club
 r - a +0 trident
 v - a +2 short sword of venom
 w - a +0 sling
 x - a +0 spear
 y - a +0 dagger of freezing
 A - a +0 club
 D - a +0 hand axe
 G - a +0 trident
Missiles
 g - 22 stones (quivered)
Armour
 b - a +0 scale mail
 c - a +0 buckler (worn)
 j - a +0 robe
 m - an orb of energy
 s - a +0 cloak (worn)
 u - the +4 leather armour of the Big Bang (worn) {Int+5 Stlth-}
   (You found it on level 3 of the Dungeon)

   Int:       It affects your intelligence (+5).
   Stlth:     It makes you less stealthy.
 B - a +0 cloak
 F - a +0 scale mail
Scrolls
 k - 2 scrolls of amnesia
 o - 2 scrolls of fear {unknown}
 z - 2 scrolls of teleportation {unknown}
 C - 2 scrolls of identify {unknown}
 E - a scroll of enchant weapon {unknown}
Potions
 h - a potion of brilliance {unknown}
 t - a potion of curing {unknown}


   Skills:
 + Level 4.5 Fighting
 + Level 2.5 Long Blades
 + Level 3.1 Axes
 + Level 0.2 Ranged Weapons
 + Level 4.6 Armour
 + Level 2.0 Dodging
 + Level 1.0 Stealth
 + Level 4.0 Shields


You had 4 spell levels left.
You didn't know any spells.
Your spell library was empty.

Dungeon Overview and Level Annotations

Branches:
Dungeon (4/15)
 Temple: D:4-7

Altars:

Shops:
D:1 (


Innate Abilities, Weirdness & Mutations

You have a pair of horns on your head.
You reflexively headbutt those who attack you in melee.


Message History

Items here: )) [[ †.
Okay, then.
There is a stone staircase leading up, spattered with blood here.
The orc priest shouts!
The orc priest hits you with a +0 trident of distortion.
Space warps around you.
You closely miss the orc priest.
You headbutt the orc priest, but do no damage.
A bat comes into view.
An orc wizard comes into view. It is wielding a +0 dagger.
You block the orc priest's attack.
The orc wizard shouts!
You slash the orc priest!
The orc priest is heavily wounded.
You hear a shout!
The orc wizard mumbles some strange words.
The orc wizard flickers and vanishes!
Deactivating autopickup; reactivate with Ctrl-A.
The orc priest barely misses you.
You barely miss the orc priest. You headbutt the orc priest.
The orc priest is severely wounded.
The bat hits you.
The orc priest calls down the wrath of Beogh upon you.
Beogh smites you!
* * * LOW HITPOINT WARNING * * *
The orc priest invokes the aid of Beogh against you.
Pain shoots through your body!
* * * LOW HITPOINT WARNING * * *
You hit the orc priest. Your headbutt misses the orc priest.
The orc priest is almost dead.
The bat hits you but does no damage. You block the bat's attack.
The orc priest calls down the wrath of Beogh upon you.
Beogh smites you!
* * * LOW HITPOINT WARNING * * *
You feel very mighty all of a sudden. The bat hits you but does no damage.
A worm comes into view.
The orc priest invokes the aid of Beogh against you.
Beogh smites you!
You die...

.####...>..........
##.....########
#.....# #.....#
#####.....##
#..<.......## #
#.###.......#
###.#.#.##.........#
w.o...o@..b........#
.........#########..#
##.#..##... #.# . ##.
#..≈.. .#o # ........
..# #........ #.#
#.........
..###.....~...~
###.#. ...


You could see a worm, an orc priest, an orc and a bat.

Vanquished Creatures
  2 orc priests (D:3)
  2 orc wizards
  4 adders (D:2)
  A worm (D:2)
  A dart slug (D:2)
  4 orcs
  5 ball pythons (D:1)
  3 bats
  2 endoplasms (D:2)
  A goblin (D:3)
  5 hobgoblins
  A quokka (D:2)
  3 frilled lizards (D:1)
  3 kobolds
  8 rats
45 creatures vanquished.

Notes
Turn   | Place    | Note
-------+----------+-------------------------------------------
     0 | D:1      | Bordeaux the Minotaur Fighter began the quest for the Orb.
     0 | D:1      | Reached XP level 1. HP: 19/19 MP: 0/0
   279 | D:1      | Found Xeukeurph's Antique Weapon Emporium.
   415 | D:1      | Reached XP level 2. HP: 25/27 MP: 1/1
  2644 | D:2      | Reached XP level 3. HP: 30/33 MP: 2/2
  2881 | D:3      | Identified the +4 leather armour of the Big Bang {Int+5
                  | Stlth-}
  3580 | D:3      | Reached skill level 1 in Long Blades
  3580 | D:3      | Reached skill level 1 in Dodging
  3580 | D:3      | Reached XP level 4. HP: 37/40 MP: 3/3
  5310 | D:3      | Reached skill level 1 in Stealth
  5310 | D:3      | Reached XP level 5. HP: 27/47 MP: 4/4
  5358 | D:3      | HP: 1/47 [orc priest/divine providence (12)]
  5359 | D:3      | Killed from afar by an orc priest

Illustrated notes

Levels and vault maps discovered:
D:1:      co_arrival_square_in_a_square_in_a_square, layout_basic, serial_shops,
          nicolae_shop_window_shopping
D:2:      layout_basic
D:3:      cheibrodos_pilgrimage, layout_loops_ring,
          dreamdust_ecumenical_altar_drowned_temple
D:4:      layout_layer_cave, mainiacjoe_overflow_surrounded_room,
          overflow_temple_1_default, minmay_ruined_shrine

Skill      XL: |  1  2  3  4  5 |
---------------+----------------+-----
Fighting       | 4 |  4.5
Armour         | 4 |  4.6
Axes           | 3 |  3.1
Long Blades    | 1 2 |  2.5
Dodging        | 1 2 |  2.0
Shields        | 4 |  4.0
Stealth        | 1 |  1.0
Ranged Weapons | |  0.2

Action                   |  1- 3 |  4- 6 || total
-------------------------+-------+-------++-------
Melee: War axe           |    10 |       ||    10
       Falchion          |    66 |    57 ||   123
       Headbutt          |    12 |     7 ||    19
       Dagger            |       |     6 ||     6
 Fire: Sling             |     1 |       ||     1
  Use: Potion            |     1 |     1 ||     2
       Scroll            |     2 |       ||     2
Armor: Scale mail        |    46 |       ||    46
       Leather armour    |    12 |    33 ||    45
       Skin              |     3 |       ||     3
Dodge: Dodged            |    69 |    43 ||   112
Block: Buckler           |    24 |     9 ||    33
